 Dungeon Crawl Stone Soup version 0.29.1-13-g9f3cf754e1 (webtiles) character file.

Game seed: 13508377994736668778

729 Wobber the Magician (level 8, -1/59 HPs)
             Began as a Djinni Conjurer on Feb 12, 2023.
             Shot with an arrow by a centaur (6 damage)
             ... on level 5 of the Dungeon.
             The game lasted 00:12:33 (4465 turns).

Wobber the Magician (Djinni Conjurer)               Turns: 4465, Time: 00:12:34

Health: -1/59      AC:  2    Str:  6    XL:     8   Next: 3%
Gold:   220        EV: 12    Int: 28    God:
                   SH:  0    Dex: 12

rFire   + + .      SeeInvis .   b - staff of conjuration
rCold   . . .      Faith    .   (no shield)
rNeg    . . .      Spirit   .   a - +0 robe
rPois   ∞          Reflect  .   (no helmet)
rElec   .          Harm     .   (no cloak)
rCorr   .          Rampage  .   (no gloves)
Will    .....                   (boots unavailable)
Stlth   ++........              (no amulet)
HPRegen 0.19/turn               k - ring of protection from cold
MPRegen 0.00/turn               p - +6 ring of intelligence

@: flying, very slightly contaminated
A: sickness immunity, fire resistance 2, cold vulnerability 1, float, innate
caster, HP casting, extra vitality 1
a: no special abilities


You were on level 5 of the Dungeon.
You visited 1 branch of the dungeon, and saw 5 of its levels.

You collected 220 gold pieces.

Inventory:

Hand Weapons
 j - a +0 long sword of holy wrath
 w - a +4 spear
Missiles
 t - a throwing net
Armour
 a - a +0 robe (worn)
 r - a +4 scale mail of poison resistance
Magical Staves
 b - a staff of conjuration (weapon)
Jewellery
 k - a ring of protection from cold (left hand)
 p - a +6 ring of intelligence (right hand)
Scrolls
 e - 4 scrolls of identify
 f - 2 scrolls of vulnerability {unknown}
 g - a scroll of butterflies {unknown}
 h - a scroll of poison {unknown}
 l - a scroll of immolation {unknown}
 n - a scroll of noise {unknown}
 o - a scroll of enchant armour {unknown}
 s - 2 scrolls of fear {unknown}
 u - a scroll of summoning {unknown}
 y - a scroll of enchant weapon {unknown}
 A - a scroll of teleportation {unknown}
Potions
 c - a potion of attraction {unknown}
 d - 2 potions of berserk rage
 i - 3 potions of ambrosia
 m - a potion of curing
 q - a potion of cancellation
 v - a potion of degeneration {unknown}
 x - a potion of magic {unknown}
 z - 2 potions of mutation {unknown}
 B - a potion of resistance {unknown}


   Skills:
 * Level 5.2 Fighting
 - Level 1.1 Armour
 + Level 2.9 Dodging
 + Level 2.2 Stealth
 * Level 5.3 Spellcasting


You couldn't memorise any spells.
You knew the following spells:

 Your Spells              Type           Power      Damage    Failure   Level
a - Magic Dart            Conj           100%       1d8       1%          1
b - Searing Ray           Conj           100%       2d8       1%          2
c - Dazzling Flash        Conj/Hex       100%       N/A       2%          3
d - Fulminant Prism       Conj/Hex       27%        3d14      8%          4
e - Iskenderun's Mystic   Conj/Tloc      54%        2d12      8%          4
f - Necrotise             Necr           100%       1d9       1%          1
g - Wereblood             Tmut           37%        N/A       1%          2
h - Mephitic Cloud        Conj/Pois/Air  54%        N/A       2%          3
Your spell library was empty.

Dungeon Overview and Level Annotations

Branches:
Dungeon (5/15)
 Temple: D:4-7

Altars:
Elyvilon
Uskayaw

Shops:
D:4 [


Innate Abilities, Weirdness & Mutations

You are immune to sickness and miasma.
You are immune to poison.
Your flesh is very heat resistant. (rF++)
You are vulnerable to cold. (rC-)
You float through the air rather than walking.
You learn spells naturally, not from books.
Your magical power is your life essence.
You have superior vitality. (+4 MHP)


Message History

You have reached level 8!
You feel clever.
Okay, then.
You start resting.
A centaur comes into view.
The centaur moves out of view.
A centaur is nearby!
Casting: Magic Dart (safe; 1% risk of failure)
Confirm with . or Enter, or press ? or * to list all spells.
You don't know that spell.
Unknown command.
Casting: Magic Dart (safe; 1% risk of failure)
Confirm with . or Enter, or press ? or * to list all spells.
Aiming: Fulminant Prism (dangerous; 8% risk of failure)
Press: ? - help, Dir - move target You feel a surge of power!
You miscast Fulminant Prism.
You are very lightly contaminated with residual magic.
Nothing appears to happen.
The centaur shouts!
The centaur wields a +0 shortbow.
The centaur shoots an arrow.
The arrow hits you!
Casting: Fulminant Prism (dangerous; 8% risk of failure)
Confirm with . or Enter, or press ? or * to list all spells.
Aiming: Fulminant Prism (dangerous; 8% risk of failure)
Press: ? - help, Dir - move target You feel a surge of power!
You conjure a prism of explosive energy!
A fulminant prism comes into view.
The centaur shoots an arrow.
The arrow hits you!
The centaur shoots an arrow.
The arrow hits you!
The centaur shoots an arrow.
The arrow hits you!
* * * LOW HITPOINT WARNING * * *
Your fulminant prism crackles loudly.
(D) Dungeon
Where to? (Enter - D:5 @ (x,y), ? - help)
Okay, then.
The centaur shoots an arrow.
The arrow hits you.
* * * LOW HITPOINT WARNING * * *
The centaur shoots an arrow.
The arrow hits you.
You die...

....#......# #...'..
....#......# #.....#
#...#..
..###......#####.....#
#.###..
..#..................# #
###
..#..................# ..
..#..................#
...
..#..................#
#....
..#.......c.)........#
'....
..#.........*...@....#
###.
..###'###'##########..)..
.......#......# ...
......:#......#....# .
.......#......#....#
#...####.##..###...#
#...####.#######...#####
.....#....#....#.......#
.....+....#....#.......+


You could see a centaur (ally target) and a friendly fulminant prism.

Vanquished Creatures
  Grinder (D:3)
  A centaur (D:5)
  A phantom (D:4)
  2 scorpions (D:5)
  A hound (D:4)
  3 iguanas
  3 gnolls (D:4)
  7 adders
  3 ufetubi
  2 worms (D:2)
  2 orcs
  5 ball pythons
  3 bats (D:2)
  4 endoplasms
  4 giant cockroaches
  8 goblins
  6 hobgoblins
  2 jackals (D:1)
  3 kobolds
  3 frilled lizards
  7 rats
71 creatures vanquished.

Vanquished Creatures (others)
  3 fulminant prisms
  4 plants (D:5)
7 creatures vanquished.

Grand Total: 78 creatures vanquished

Notes
Turn   | Place    | Note
-------+----------+-------------------------------------------
     0 | D:1      | Wobber the Djinni Conjurer began the quest for the Orb.
     0 | D:1      | Wobber set off with the following spells memorised: Magic
                  | Dart, Searing Ray, Dazzling Flash, Fulminant Prism,
                  | Iskenderun's Mystic Blast.
     0 | D:1      | Reached XP level 1. HP: 15/15 MP: 0/0
   364 | D:1      | Reached XP level 2. HP: 19/22 MP: 0/0
   367 | D:1      | Reached skill level 1 in Fighting
  1026 | D:1      | You are sucked into a shaft and drop 1 floor!
  1112 | D:2      | Reached XP level 3. HP: 24/28 MP: 0/0
  1112 | D:2      | Learned a level 1 spell: Necrotise
  1427 | D:2      | Reached XP level 4. HP: 29/33 MP: 0/0
  2317 | D:3      | Noticed Grinder
  2327 | D:3      | Paralysed by Grinder for 5 turns
  2337 | D:3      | Paralysed by Grinder for 3 turns
  2342 | D:3      | Killed Grinder
  2343 | D:3      | Reached XP level 5. HP: 7/41 MP: 0/0
  2343 | D:3      | Learned a level 2 spell: Wereblood
  2343 | D:3      | Reached XP level 6. HP: 8/47 MP: 0/0
  2950 | D:4      | Reached skill level 1 in Armour
  2954 | D:4      | Reached XP level 7. HP: 38/53 MP: 0/0
  2954 | D:4      | Learned a level 3 spell: Mephitic Cloud
  3163 | D:4      | Found a hide-covered altar of Uskayaw.
  3410 | D:4      | Found Davefu's Armour Shop.
  3489 | D:4      | Reached skill level 5 in Spellcasting
  3647 | D:5      | Entered Level 5 of the Dungeon
  3725 | D:5      | Found a white marble altar of Elyvilon.
  4015 | D:5      | Reached skill level 5 in Fighting
  4196 | D:5      | Reached XP level 8. HP: 5/59 MP: 0/0
  4465 | D:5      | Shot with an arrow by a centaur

Illustrated notes

Levels and vault maps discovered:
D:1:      saegor_arrival_simple_c, layout_loops_corners, serial_park_tiny_2
D:2:      layout_rooms, nicolae_elevator_lobby_asterisk
D:3:      layout_rooms, wad_floor_pattern_untrapped, uniq_grinder
D:4:      layout_basic, mainiacjoe_overflow_concentric_impassable, serial_shops,
          nicolae_take_the_stairs, kennysheep_generic_room_12
D:5:      layout_gridville, mainiacjoe_overflow_chevrons, ebering_ghost_sewer_d,
          minivault_24

Skill      XL: |  1  2  3  4  5  6  7 |
---------------+----------------------+-----
Fighting       | 1 2 4 5 |  5.2
Spellcasting   | 4 5 |  5.3
Armour         | 1 |  1.1
Stealth        | 2 |  2.2
Dodging        | |  2.9

Action                   |  1- 3 |  4- 6 |  7- 9 || total
-------------------------+-------+-------+-------++-------
Melee: Staff             |     8 |     2 |     3 ||    13
       Punch             |     1 |       |       ||     1
 Cast: Magic Dart        |    44 |    46 |    40 ||   130
       Searing Ray       |     2 |     7 |    10 ||    19
       Dazzling Flash    |       |     1 |       ||     1
       Fulminant Prism   |       |     1 |     3 ||     4
       Iskenderun's Myst |       |       |     1 ||     1
  Use: Potion            |       |     1 |       ||     1
       Scroll            |       |     4 |       ||     4
Armor: Robe              |     2 |     2 |     1 ||     5
Dodge: Dodged            |     7 |     9 |    13 ||    29
